 Dungeon Crawl Stone Soup version 0.30.0-19-g36f170ea60 (webtiles) character file.

Game seed: 16749597387307929035

22390 bmack86 the Severer (level 12, -1/108 HPs)
             Began as a Minotaur Fighter on May 29, 2023.
             Was an Initiate of Gozag.
             Slain by a harpy simulacrum (3 damage)
             ... in an ice cave.
             The game lasted 00:38:38 (12174 turns).

bmack86 the Severer (Minotaur Fighter)             Turns: 12174, Time: 00:38:39

Health: -1/108     AC: 22    Str: 26    XL:     12   Next: 62%
Magic:  11/11      EV:  6    Int:  5    God:    Gozag
Gold:   2076       SH: 11    Dex: 10    Spells: 11/11 levels left

rFire   . . .        a - +1 war axe (freeze)
rCold   + + +        F - +0 kite shield {rC+}
rNeg    . . .        z - +0 ice dragon scales
rPois   +            I - +1 hat
rElec   +            r - +2 cloak
rCorr   +            D - +0 pair of gloves
SInv    .            v - +2 pair of boots
Will    .....        l - amulet of the acrobat Stlth
                     J - ring of flight
HPRegen 0.38/turn    p - +4 ring of slaying
MPRegen 0.12/turn

%: acrobat
@: mighty, brilliant, resistant, flying, constricted
A: horns 2, retaliatory headbutt
a: Renounce Religion, Potion Petition, Call Merchant, Bribe Branch


You were in an ice cave.
You worshipped Gozag.
Gozag was most pleased with you.
You visited 2 branches of the dungeon, and saw 12 of its levels.
You also visited: Bailey and Ice Cave.

You collected 3050 gold pieces.
You spent 75 gold pieces at shops.
You paid 899 gold pieces to Gozag.

Inventory:

Hand Weapons
 a - a +1 war axe of freezing (weapon)
Missiles
 o - 7 javelins
 x - 4 boomerangs (quivered)
Armour
 r - a +2 cloak (worn)
 v - a +2 pair of boots (worn)
 z - +0 ice dragon scales (worn)
 D - a +0 pair of gloves (worn)
 F - a +0 kite shield of cold resistance (worn)
 I - a +1 hat (worn)
 K - a +0 pair of boots
 M - a +0 kite shield
 N - a +0 plate armour of willpower
Jewellery
 b - a ring of fire
 l - an amulet of the acrobat (around neck)
 n - a ring of resist corrosion
 p - a +4 ring of slaying (right hand)
 G - a ring of fire
 H - a +6 ring of dexterity
 J - a ring of flight (left hand)
Wands
 c - a wand of paralysis (12)
 g - a wand of digging (22)
 j - a wand of iceblast (9)
 s - a wand of flame (12)
 B - a wand of light (10)
Scrolls
 f - 2 scrolls of fear
 w - 2 scrolls of enchant weapon
 y - 5 scrolls of teleportation
 L - 2 scrolls of blinking
Potions
 d - 3 potions of might
 e - 2 potions of brilliance
 h - a potion of haste
 i - 3 potions of curing
 k - 2 potions of berserk rage
 m - a potion of mutation {unknown}
 q - 5 potions of lignification
 t - 2 potions of ambrosia
 u - a potion of flight {unknown}
 A - 4 potions of magic
 C - 3 potions of attraction
 E - 3 potions of cancellation


   Skills:
 + Level 10.9 Fighting
 - Level 18.2 Axes
 + Level 10.9 Armour
 + Level 10.8 Shields


You had 11 spell levels left.
You didn't know any spells.
Your spell library contained the following spells:

 Spells                   Type           Power      Damage    Failure   Level
 Beastly Appendage        Tmut           0%         N/A       89%         1
 Wereblood                Tmut           0%         N/A       96%         2
 Call Canine Familiar     Summ           0%         N/A       99%         3
 Dazzling Flash           Conj/Hex       0%         N/A       99%         3
 Ignite Poison            Fire/Tmut/Pois 0%         N/A       99%         3
 Portal Projectile        Hex/Tloc       0%         N/A       99%         3
 Spider Form              Tmut/Pois      0%         N/A       99%         3
 Volatile Blastmotes      Fire/Tloc      0%         2d10      99%         3
 Iskenderun's Mystic Bla  Conj/Tloc      0%         2d3       100%        4
 Leda's Liquefaction      Hex/Erth       0%         N/A       100%        4
 Sticky Flame             Conj/Fire      0%         2d3       100%        4
 Starburst                Conj/Fire      0%         6d3       100%        6
 Ignition                 Fire           0%         3d3       100%        8


Dungeon Overview and Level Annotations

Branches:
Dungeon (11/15)            Temple (1/1) D:6            Lair (0/5) D:10
 Bailey (visited)           IceCv (1/1)
    Orc: D:9-12

Altars:
Ashenzari
Cheibriados
Dithmenos
Elyvilon
Fedhas
Gozag
Hepliaklqana
Kikubaaqudgha
Makhleb
Nemelex Xobeh
Okawaru
Qazlal
Ru
Sif Muna
Trog
Uskayaw
Vehumet
Wu Jian
Xom
Yredelemnul
Zin
The Shining One

Shops:
D:1 *   D:6 [!(

Annotations:
D:9 3 transporters
D:11 1 transporter


Innate Abilities, Weirdness & Mutations

You have a pair of horns on your head.
You reflexively headbutt those who attack you in melee.


Message History

The ice devil is lightly wounded.
You barely miss the troll simulacrum. You slash the anaconda simulacrum!
The anaconda simulacrum bites you but does no damage.
The anaconda simulacrum constricts you.
The reaper hits you from afar with a +1 scythe of freezing!!
The ice devil hits you! The ice devil freezes you. You resist.
Unknown command.
You slash the ice devil!
You headbutt the ice devil, but do no damage.
The ice devil is moderately wounded.
You hit the troll simulacrum. You hit the anaconda simulacrum.
The anaconda simulacrum bites you! The anaconda simulacrum freezes you.
You resist.
* * * LOW HITPOINT WARNING * * *
The anaconda simulacrum constricts you.
You block the harpy simulacrum's attack.
The harpy simulacrum claws you but does no damage.
The troll simulacrum bites you.
* * * LOW HITPOINT WARNING * * *
The troll simulacrum freezes you. You resist.
* * * LOW HITPOINT WARNING * * *
The troll simulacrum barely misses you.
The troll simulacrum claws you but does no damage.
The anaconda simulacrum bites you!
* * * LOW HITPOINT WARNING * * *
The anaconda simulacrum freezes you. You resist.
* * * LOW HITPOINT WARNING * * *
The anaconda simulacrum constricts you. [a] - 378 gold - might, brilliance and resistance [b] - 360 gold - resistance and invisibility [c] - 348 gold - invisibility and might Purchase which effect?
You feel very mighty all of a sudden.
You feel clever all of a sudden.
You feel protected.
You block the harpy simulacrum's attack. x2
The harpy simulacrum claws you!
* * * LOW HITPOINT WARNING * * *
The harpy simulacrum freezes you. You resist.
You die...
Your body crumbles into a pile of gold.

#≈≈≈≈≈##
.##
##≈≈≈≈≈##
#
#≈≈≈≈≈≈.#
##≈≈≈≈≈##
##..≈≈≈≈#
##.##≈#≈##
#!)=#####
#)Z!##
#@ZZ$#
#4Z$$#
#2$.##
#Z...#
#$.....
#.......
###.....#
....##


You could see a reaper, an ice devil, an anaconda simulacrum, a polar bear
simulacrum, a harpy simulacrum, a two-headed ogre simulacrum and a troll
simulacrum.

Vanquished Creatures
  2 boulder beetles (D:10)
  3 centaur warriors (D:10)
  2 two-headed ogres (D:10)
  Amaemon (D:10)
  2 orc knights
  Pikel (D:7)
  A deep elf pyromancer (Bailey)
  2 manticores (D:10)
  A cyclops (D:11)
  An ice statue (IceCv)
  An orange demon (D:10)
  Maggie (D:10)
  An unseen horror (D:10)
  A komodo dragon (D:10)
  2 meliai (D:10)
  A troll (D:9)
  A hornet (D:9)
  Prince Ribbit (D:6)
  Sigmund (D:4)
  2 vampires (D:10)
  4 wraiths (D:10)
  A dire elephant simulacrum (IceCv)
  2 shadows
  25 yaks
  2 wyverns
  A steam dragon (D:10)
  Grum (D:10)
  An acid dragon (D:11)
  3 water moccasins
  10 orc warriors
  2 sky beasts
  3 ice beasts
  2 wolves (D:10)
  2 ogres
  A boggart (D:10)
  3 centaurs
  3 lemures (D:7)
  2 phantoms
  3 bullfrogs
  4 kobold brigands
  3 gnoll sergeants
  A scorpion (D:5)
  3 two-headed ogre simulacra (IceCv)
  14 wights
  18 killer bees
  2 electric eels (D:9)
  7 howler monkeys
  2 hounds
  2 jellies (D:5)
  A sleepcap (D:6)
  4 gnoll boudas
  3 orc priests
  Jessica (D:3)
  8 orc wizards
  Ijyb (D:3)
  Natasha (thrice) (D:2)
  2 iguanas
  3 spriggan simulacra
  A polar bear simulacrum (IceCv)
  2 troll simulacra (IceCv)
  26 gnolls
  3 naga simulacra
  12 adders
  2 shadow imps (D:6)
  A white imp (IceCv)
  4 ufetubi (IceCv)
  A worm (D:5)
  3 dart slugs
  28 orcs
  9 ball pythons
  4 bats
  8 endoplasms (D:1)
  4 giant cockroaches
  11 goblins
  10 hobgoblins
  2 jackals (D:4)
  2 quokkas
  A frilled lizard (D:1)
  29 kobolds
  8 rats
352 creatures vanquished.

Vanquished Creatures (others)
  A kobold (D:4)
1 creature vanquished.

Grand Total: 353 creatures vanquished

Notes
Turn   | Place    | Note
-------+----------+-------------------------------------------
     0 | D:1      | bmack86 the Minotaur Fighter began the quest for the Orb.
     0 | D:1      | Reached XP level 1. HP: 19/19 MP: 0/0
   162 | D:1      | Reached skill level 3 in Axes
   262 | D:1      | Reached XP level 2. HP: 24/26 MP: 1/1
   347 | D:1      | Reached skill level 4 in Axes
   609 | D:1      | Reached XP level 3. HP: 31/31 MP: 2/2
   783 | D:1      | Found Qiusoth's Assorted Antiques.
  1306 | D:2      | Reached skill level 5 in Axes
  1374 | D:2      | Noticed Natasha
  1379 | D:2      | Killed Natasha
  1380 | D:2      | Reached XP level 4. HP: 31/39 MP: 3/3
  1392 | D:2      | Noticed Natasha
  1405 | D:2      | Killed Natasha
  1569 | D:2      | Noticed Natasha
  1575 | D:2      | Killed Natasha
  1576 | D:2      | Reached skill level 6 in Axes
  1719 | D:2      | Reached XP level 5. HP: 45/45 MP: 4/4
  1906 | D:1      | Bought a scroll labelled EZOIPUENLU for 30 gold pieces
  1906 | D:1      | Bought a scroll labelled LUGOAF UXTA for 30 gold pieces
  2025 | D:3      | Noticed Ijyb
  2033 | D:3      | Killed Ijyb
  2145 | D:3      | Found an opulent altar of Gozag.
  2154 | D:3      | Found a sacrificial altar of Ru.
  2156 | D:3      | Found a snail-covered altar of Cheibriados.
  2156 | D:3      | Found a hide-covered altar of Uskayaw.
  2156 | D:3      | Found a shimmering blue altar of Sif Muna.
  2159 | D:3      | Became a worshipper of Gozag Ym Sagoz the Greedy
  2161 | D:3      | Found a white marble altar of Elyvilon.
  2162 | D:3      | Found a basalt altar of Yredelemnul.
  2164 | D:3      | Found a bloodstained altar of Trog.
  2271 | D:3      | Reached skill level 7 in Axes
  2405 | D:3      | Noticed Jessica
  2409 | D:3      | Killed Jessica
  2745 | D:4      | Noticed Sigmund
  2996 | D:4      | Killed Sigmund
  2997 | D:4      | Reached skill level 8 in Axes
  2997 | D:4      | Reached XP level 6. HP: 45/51 MP: 5/5
  3117 | D:4      | Found an ornate altar of the Wu Jian Council.
  3528 | D:5      | Entered Level 5 of the Dungeon
  3584 | D:5      | Reached skill level 9 in Axes
  3590 | D:5      | Reached XP level 7. HP: 57/57 MP: 6/6
  3722 | D:5      | Reached skill level 10 in Axes
  4241 | D:5      | Reached skill level 11 in Axes
  4318 | D:5      | Reached XP level 8. HP: 63/64 MP: 7/7
  4498 | D:5      | Reached skill level 12 in Axes
  4827 | D:6      | Found a staircase to the Ecumenical Temple.
  4837 | Temple   | Entered the Ecumenical Temple
  5190 | D:6      | Found Fezopt's Armour Boutique.
  5213 | D:6      | Found an ancient bone altar of Kikubaaqudgha.
  5256 | D:6      | Found a blossoming altar of Fedhas.
  5336 | D:6      | Reached skill level 13 in Axes
  5404 | D:6      | Found Wuenk's Distillery.
  5411 | D:6      | Found Otoiniargh's Weapon Shoppe.
  5412 | D:6      | Bought a potion of degeneration for 15 gold pieces
  5426 | D:6      | Noticed Prince Ribbit
  5457 | D:6      | Killed Prince Ribbit
  5458 | D:6      | Reached skill level 14 in Axes
  5458 | D:6      | Reached XP level 9. HP: 64/70 MP: 8/8
  5682 | D:6      | Found a radiant altar of Vehumet.
  5860 | D:6      | Found a burning altar of Makhleb.
  5864 | D:6      | Noticed a green death
  5867 | D:6      | Found a glowing silver altar of Zin.
  5867 | D:6      | Noticed an angel
  6159 | D:7      | Reached skill level 15 in Axes
  6198 | D:7      | Found a stormy altar of Qazlal.
  6216 | D:7      | Noticed Pikel
  6227 | D:7      | Killed Pikel
  6228 | D:7      | Reached skill level 16 in Axes
  6966 | D:8      | Reached XP level 10. HP: 77/77 MP: 9/9
  6977 | D:8      | Reached skill level 17 in Axes
  7181 | D:8      | Found a shimmering altar of Xom.
  7929 | D:9      | Found a transporter.
  7929 | D:9      | Found a transporter.
  7933 | D:9      | Found a transporter.
  7934 | D:9      | Found a transporter.
  7968 | D:9      | Reached skill level 18 in Axes
  8344 | D:9      | Reached skill level 5 in Fighting
  8344 | D:9      | Reached skill level 5 in Armour
  8344 | D:9      | Reached skill level 5 in Shields
  9046 | D:9      | Reached XP level 11. HP: 78/89 MP: 10/10
  9245 | D:10     | Entered Level 10 of the Dungeon
  9245 | D:10     | Noticed a two-headed ogre
  9253 | D:10     | Killed a two-headed ogre
  9278 | D:10     | Noticed a centaur warrior
  9286 | D:10     | Killed a centaur warrior
  9289 | D:10     | Found a flagged portal.
  9513 | Bailey   | Entered a bailey
  9634 | Bailey   | Found a large runed translucent door.
  9634 | Bailey   | Found a large runed translucent door.
  9636 | Bailey   | Noticed a deep elf pyromancer
  9636 | Bailey   | Noticed an orc knight
  9747 | Bailey   | Killed an orc knight
  9763 | Bailey   | Killed a deep elf pyromancer
  9774 | Bailey   | Identified the staff of conjuration "Zull" {rElec rCorr}
  9943 | D:10     | Noticed Amaemon
  9944 | D:10     | Noticed an orc knight
  9953 | D:10     | Killed an orc knight
  9954 | D:10     | Noticed a centaur warrior
  9965 | D:10     | Killed a centaur warrior
  9972 | D:10     | Killed Amaemon
 10327 | D:10     | Noticed a centaur warrior
 10337 | D:10     | Noticed a two-headed ogre
 10337 | D:10     | Noticed Maggie
 10339 | D:10     | Reached XP level 12. HP: 69/104 MP: 11/11
 10345 | D:10     | Noticed Grum
 10346 | D:10     | Killed a centaur warrior
 10351 | D:10     | HP: 1/105 [meliai/+0 war axe (9)]
 10358 | D:10     | Killed a two-headed ogre
 10360 | D:10     | Killed Maggie
 10368 | D:10     | Killed Grum
 10378 | D:10     | Noticed a boulder beetle
 10390 | D:10     | Killed a boulder beetle
 10391 | D:10     | Reached skill level 10 in Fighting
 10451 | D:10     | Noticed a boulder beetle
 10477 | D:10     | Killed a boulder beetle
 10478 | D:10     | Reached skill level 10 in Armour
 10478 | D:10     | Reached skill level 10 in Shields
 10746 | D:10     | Identified the staff of fire "Feckyupn" {rF+ Str+3}
 11089 | D:10     | Found a staircase to the Lair.
 11089 | D:10     | Identified the +2 leather armour "Peajal" {Str+3 Int+3
                  | Dex+4}
 11748 | D:11     | Found a transporter.
 11879 | D:11     | Found a frozen archway.
 11899 | IceCv    | Entered an ice cave
 12167 | IceCv    | Noticed a reaper
 12174 | IceCv    | HP: 2/108 [harpy simulacrum (10)]
 12174 | IceCv    | Slain by a harpy simulacrum

Illustrated notes

Levels and vault maps discovered:
D:1:      onia_arrival_mini_maze, layout_loops_corners, serial_shops, shop,
          kennysheep_pointless_box, minmay_domino_2
D:2:      layout_basic, uniq_natasha
D:3:      layout_basic, minitemple, serial_aquarium,
          aquarium_bridge_long_separate [aquarium_subvault_wall,
          aquarium_subvault_bridge, aquarium_subvault_balcony,
          aquarium_subvault_wall, aquarium_subvault_bridge,
          aquarium_subvault_wall], aquarium_bridge_square
          [aquarium_subvault_bridge, aquarium_subvault_bridge,
          aquarium_subvault_window, aquarium_subvault_wall], aquarium_window_1,
          aquarium_window_fake, aquarium_view_2b, aquarium_view_2f,
          aquarium_pool_1, uniq_ijyb, uniq_jessica
D:4:      layout_rooms, mainiacjoe_overflow_cross_hatched, uniq_sigmund
D:5:      layout_basic
D:6:      layout_loops_ring, grunt_temple_overflow_order_and_chaos_2,
          general_overflow_altar, kennysheep_mini_moat, lemuel_round_altar,
          minmay_temple_entry_mist, serial_shops, nicolae_shop_advertising_works
          [nicolae_subvault_shop_adworks], kennysheep_little_box, shop,
          serial_glass, glass_columns_c, glass_columns_b, glass_columns_c,
          uniq_prince_ribbit1
D:7:      layout_cave_pools, mainiacjoe_overflow_alcove_2, uniq_pikel
D:8:      layout_loops_ring, mainiacjoe_overflow_concentric_impassable,
          minmay_puff
D:9:      layout_loops_ring, st_stairs_1, minmay_misc_feat_tiny,
          minmay_crystal_water, chequers_garden, nicolae_diode_quadrants
D:10:     minmay_the_grid_octo_tiled_octocenter
          [minmay_the_grid_octo_tetromino_candy,
          minmay_the_grid_octo_fan_narrow, minmay_the_grid_octo_toaster,
          minmay_the_grid_octo_odd_swirl,
          minmay_the_grid_octo_prize_square_snowflake,
          minmay_the_grid_square_5x5_meh, minmay_the_grid_square_5x5_comb,
          minmay_the_grid_square_5x5_eight_small,
          minmay_the_grid_square_5x5_dogpile], layout_layer_cave,
          enter_bailey_3, uniq_maggie, uniq_grum, uniq_amaemon
D:11:     layout_loops_corners, portal_ice_cave_entry_ice_simulacra,
          gammafunk_ghost_abyssal_escape
Temple:   hellmonk_temple_beads
IceCv:    ice_cave_caverns_02

Skill      XL: |  1  2  3  4  5  6  7  8  9 10 11 12 |
---------------+-------------------------------------+-----
Axes           | 3 4 5 6 8 9 11 14 16 18 | 18.2
Fighting       | 5 9 10 | 10.9
Armour         | 5 9 10 | 10.9
Shields        | 5 9 10 | 10.8

Action                     |  1- 3 |  4- 6 |  7- 9 | 10-12 || total
---------------------------+-------+-------+-------+-------++-------
  Melee: War axe           |    64 |   113 |   180 |   390 ||   747
         Headbutt          |     5 |    14 |    25 |    95 ||   139
  Throw: Boomerang         |       |       |     5 |     9 ||    14
 Invoke: Potion Petition   |       |       |       |     2 ||     2
  Evoke: Wand              |       |       |       |     1 ||     1
    Use: Scroll            |       |    13 |     4 |     5 ||    22
         Potion            |       |       |       |     9 ||     9
   Stab: Distracted        |       |       |       |     5 ||     5
         Invisible         |       |       |       |     1 ||     1
 Armour: Scale mail        |    27 |     4 |       |       ||    31
         Chain mail        |       |    60 |    58 |    32 ||   150
         Plate armour      |       |       |       |   157 ||   157
         Ice dragon scales |       |       |       |    11 ||    11
  Dodge: Dodged            |    25 |    41 |    63 |    92 ||   221
  Block: Buckler           |    16 |    23 |    33 |     3 ||    75
         Kite shield       |       |       |       |   209 ||   209
